| TOP OF THE 1ST |
|
Charleston RiverDogs batting - Pitching for Lansing Lugnuts : RHP Orlando Giron
|
|
Pitching: RHP Orlando Giron
|
|
|
Batting: RHB Miguel Leal
|
0-0: Ball 1-0: Called Strike 1-1: Ball 2-1: Swinging Strike 2-2: Foul Ball, location: 2F 2-2: Fly out, F7 (Flyball, 7LD, EV 91.2 MPH)
|
|
Batting: SHB Blake Abbott
|
0-0: Ball 1-0: Called Strike 1-1: Swinging Strike 1-2: Strikes out swinging
|
|
Batting: RHB James Boynton
|
0-0: Swinging Strike 0-1: Ball 1-1: Ground out 2-3 (Groundball, 15S, EV 73.1 MPH)
|
| Top of the 1st over - 0 runs, 0 hits, 0 errors, 0 left on base; Charleston 0 - Lansing 0 |
| BOTTOM OF THE 1ST |
|
Lansing Lugnuts batting - Pitching for Charleston RiverDogs : LHP Dan Clausing
|
|
Pitching: LHP Dan Clausing
|
|
|
Batting: SHB Joel Baker
|
0-0: Ball 1-0: Foul Ball, location: 2F 1-1: Called Strike 1-2: Strikes out swinging
|
|
Batting: RHB Finn Ross
|
0-0: Foul Ball, location: 2F 0-1: Foul Ball, location: 2F 0-2: Fly out, F4 (Popup, 4MD, EV 70.0 MPH)
|
|
Batting: RHB Ivan Ramirez
|
0-0: Ball 1-0: DOUBLE (Line Drive, 7LM, EV 108.1 MPH)
|
|
Batting: SHB Jose Garcia
|
0-0: Ball 1-0: Ball 2-0: Called Strike 2-1: Foul Ball, location: 2F 2-2: Strikes out looking
|
| Bottom of the 1st over - 0 runs, 1 hit, 0 errors, 1 left on base; Charleston 0 - Lansing 0 |
| TOP OF THE 2ND |
|
Charleston RiverDogs batting - Pitching for Lansing Lugnuts : RHP Orlando Giron
|
|
Batting: RHB Tim Nordahl
|
0-0: Ball 1-0: Foul Ball, location: 2F 1-1: Swinging Strike 1-2: Ball 2-2: Ground out 5-3 (Groundball, 56S, EV 73.8 MPH)
|
|
Batting: SHB Mike Goad
|
0-0: Ball 1-0: Ball 2-0: Ground out 6-3 (Groundball, 6, EV 81.9 MPH)
|
|
Batting: RHB Herb Craig
|
0-0: Foul Ball, location: 2F 0-1: SINGLE (Groundball, 5S, EV 73.8 MPH) (infield hit)
|
|
Batting: RHB Jose Garza
|
0-0: Called Strike Herb Craig steals 2nd, throwing error, E2 Herb Craig to third 0-1: 2-RUN HOME RUN (Flyball, 78XD, EV 100.0 MPH), Distance : 385 ft
|
|
Batting: LHB Alex Genao
|
0-0: Swinging Strike 0-1: Ball 1-1: Swinging Strike 1-2: Fly out, F5 (Popup, 5SF, EV 79.4 MPH)
|
| Top of the 2nd over - 2 runs, 2 hits, 1 error, 0 left on base; Charleston 2 - Lansing 0 |
| BOTTOM OF THE 2ND |
|
Lansing Lugnuts batting - Pitching for Charleston RiverDogs : LHP Dan Clausing
|
|
Batting: LHB Dan Martinez
|
0-0: Ball 1-0: Ball 2-0: Foul Ball, location: 2F 2-1: Foul Ball, location: 2F 2-2: SINGLE (Line Drive, 89M, EV 106.2 MPH)
|
|
Batting: RHB Luis Reyes
|
0-0: Ball 1-0: Foul Ball, location: 2F 1-1: Ball 2-1: Ball 3-1: Fly out, F8 (Flyball, 8RD, EV 86.2 MPH)
|
|
Batting: RHB B.J. Worthy
|
0-0: Called Strike 0-1: Ball 1-1: Foul Ball, location: 2F 1-2: Ball 2-2: Foul Ball, location: 2F 2-2: Foul Ball, location: 2F 2-2: Foul Ball, location: 2F 2-2: Ground out 6-3 (Groundball, 6, EV 86.2 MPH) Dan Martinez to second
|
|
Batting: RHB Darren McCarty Jr.
|
0-0: Swinging Strike 0-1: Ground out 4-3 (Groundball, 4D, EV 95.0 MPH)
|
| Bottom of the 2nd over - 0 runs, 1 hit, 0 errors, 1 left on base; Charleston 2 - Lansing 0 |
| TOP OF THE 3RD |
|
Charleston RiverDogs batting - Pitching for Lansing Lugnuts : RHP Orlando Giron
|
|
Batting: RHB Carlos Guadarrama
|
0-0: Ball 1-0: Ball 2-0: Foul Ball, location: 2F 2-1: Called Strike 2-2: Ground out 4-3 (Groundball, 4MS, EV 90.6 MPH)
|
|
Batting: RHB Miguel Leal
|
0-0: Foul Ball, location: 2F 0-1: Ball 1-1: Foul Ball, location: 2F 1-2: Ball 2-2: Strikes out swinging
|
|
Batting: SHB Blake Abbott
|
0-0: Ball 1-0: Ball 2-0: Ball 3-0: Called Strike 3-1: Base on Balls
|
|
Batting: RHB James Boynton
|
0-0: Foul Ball, location: 2F 0-1: Foul Ball, location: 2F 0-2: Ball 1-2: Ground out 5-3 (Groundball, 5S, EV 66.9 MPH)
|
| Top of the 3rd over - 0 runs, 0 hits, 0 errors, 1 left on base; Charleston 2 - Lansing 0 |
| BOTTOM OF THE 3RD |
|
Lansing Lugnuts batting - Pitching for Charleston RiverDogs : LHP Dan Clausing
|
|
Batting: RHB Nick Wicker
|
0-0: Called Strike 0-1: Foul Ball, location: 2F 0-2: Ball 1-2: Strikes out swinging
|
|
Batting: SHB Joel Baker
|
0-0: Ball 1-0: Called Strike 1-1: Ball 2-1: Ground out 5-3 (Groundball, 56, EV 101.9 MPH)
|
|
Batting: RHB Finn Ross
|
0-0: Called Strike 0-1: Swinging Strike 0-2: Fly out, F9 (Flyball, 89D, EV 98.1 MPH)
|
| Bottom of the 3rd over - 0 runs, 0 hits, 0 errors, 0 left on base; Charleston 2 - Lansing 0 |
| TOP OF THE 4TH |
|
Charleston RiverDogs batting - Pitching for Lansing Lugnuts : RHP Orlando Giron
|
|
Batting: RHB Tim Nordahl
|
0-0: Called Strike 0-1: Called Strike 0-2: Foul Ball, location: 2F 0-2: SINGLE (Line Drive, 8RS, EV 98.8 MPH)
|
|
Batting: SHB Mike Goad
|
0-0: Called Strike 0-1: Ball 1-1: Foul Ball, location: 2F 1-2: Foul Ball, location: 2F 1-2: Strikes out swinging
|
|
Batting: RHB Herb Craig
|
0-0: Ball 1-0: Called Strike 1-1: Ball 2-1: Called Strike 2-2: SINGLE (Flyball, 56D, EV 85.6 MPH) Tim Nordahl to second
|
|
Batting: RHB Jose Garza
|
0-0: Fielders Choice at 2nd, 4-6 (Groundball, 4, EV 93.1 MPH) Tim Nordahl to third
|
|
Batting: LHB Alex Genao
|
0-0: Called Strike 0-1: Ball 1-1: Fly out, F3 (Popup, 3SF, EV 70.0 MPH)
|
| Top of the 4th over - 0 runs, 2 hits, 0 errors, 2 left on base; Charleston 2 - Lansing 0 |
| BOTTOM OF THE 4TH |
|
Lansing Lugnuts batting - Pitching for Charleston RiverDogs : LHP Dan Clausing
|
|
Batting: RHB Ivan Ramirez
|
0-0: Called Strike 0-1: Called Strike 0-2: Ball 1-2: Ball 2-2: Strikes out swinging
|
|
Batting: SHB Jose Garcia
|
0-0: Foul Ball, location: 2F 0-1: Ball 1-1: Foul Ball, location: 2F 1-2: Ball 2-2: SINGLE (Groundball, 56D, EV 102.5 MPH)
|
|
Batting: LHB Dan Martinez
|
0-0: Called Strike 0-1: Ball 1-1: Fly out, F8 (Line Drive, 8LD, EV 101.2 MPH)
|
|
Batting: RHB Luis Reyes
|
0-0: Fly out, F8 (Flyball, 8LM, EV 89.4 MPH)
|
| Bottom of the 4th over - 0 runs, 1 hit, 0 errors, 1 left on base; Charleston 2 - Lansing 0 |
| TOP OF THE 5TH |
|
Charleston RiverDogs batting - Pitching for Lansing Lugnuts : RHP Orlando Giron
|
|
Batting: RHB Carlos Guadarrama
|
0-0: Called Strike 0-1: Swinging Strike 0-2: Ground out 5-3 (Groundball, 56S, EV 65.0 MPH)
|
|
Batting: RHB Miguel Leal
|
0-0: Ball 1-0: Foul Ball, location: 2F 1-1: Ball 2-1: Called Strike 2-2: Reached on error, E6 (Groundball, 6, EV 94.4 MPH)
|
|
Batting: SHB Blake Abbott
|
0-0: Ball Miguel Leal is caught stealing 2nd base 2-6 1-0: Foul Ball, location: 2F 1-1: Fly out, F5 (Popup, 5S, EV 74.4 MPH)
|
| Top of the 5th over - 0 runs, 0 hits, 1 error, 0 left on base; Charleston 2 - Lansing 0 |
| BOTTOM OF THE 5TH |
|
Lansing Lugnuts batting - Pitching for Charleston RiverDogs : LHP Dan Clausing
|
|
Batting: RHB B.J. Worthy
|
0-0: Ball 1-0: Ball 2-0: Foul Ball, location: 2F 2-1: Called Strike 2-2: Ground out 5-3 (Groundball, 56, EV 88.1 MPH)
|
|
Batting: RHB Darren McCarty Jr.
|
0-0: Ball 1-0: Swinging Strike 1-1: Ball 2-1: Called Strike 2-2: Foul Ball, location: 2F 2-2: Foul Ball, location: 2F 2-2: Ball 3-2: Foul Ball, location: 2F 3-2: Strikes out looking
|
|
Batting: RHB Nick Wicker
|
0-0: Swinging Strike 0-1: Swinging Strike 0-2: Strikes out swinging
|
| Bottom of the 5th over - 0 runs, 0 hits, 0 errors, 0 left on base; Charleston 2 - Lansing 0 |
| TOP OF THE 6TH |
|
Charleston RiverDogs batting - Pitching for Lansing Lugnuts : RHP Orlando Giron
|
|
Batting: RHB James Boynton
|
0-0: DOUBLE (Line Drive, 7LS, EV 106.9 MPH)
|
|
Batting: RHB Tim Nordahl
|
0-0: Called Strike 0-1: Called Strike 0-2: Strikes out swinging
|
|
Batting: SHB Mike Goad
|
0-0: Ball 1-0: SINGLE (Groundball, 4MD, EV 103.8 MPH) James Boynton to third Runner from 3rd tries for Home, throw by CF and OUT! 8-2 Mike Goad to second
|
|
Batting: RHB Herb Craig
|
0-0: Ball 1-0: Ball 2-0: Ball 3-0: Called Strike 3-1: Base on Balls
|
|
Batting: RHB Jose Garza
|
Balk! Mike Goad to third Herb Craig to second 0-0: Fly out, F7 (Line Drive, 78M, EV 89.4 MPH)
|
| Top of the 6th over - 0 runs, 2 hits, 0 errors, 2 left on base; Charleston 2 - Lansing 0 |
| BOTTOM OF THE 6TH |
|
Lansing Lugnuts batting - Pitching for Charleston RiverDogs : LHP Dan Clausing
|
|
Batting: SHB Joel Baker
|
0-0: Ball 1-0: Foul Ball, location: 2F 1-1: SINGLE (Line Drive, 89S, EV 98.1 MPH)
|
|
Batting: RHB Finn Ross
|
0-0: Ball Joel Baker steals 2nd base 1-0: Swinging Strike 1-1: Called Strike 1-2: Ball Wild Pitch! Joel Baker to third 2-2: Foul Ball, location: 2F 2-2: Strikes out looking
|
|
Batting: RHB Ivan Ramirez
|
0-0: Called Strike 0-1: Fly out, F7 (Line Drive, 7D, EV 95.0 MPH) Runner from 3rd tags up, SCORES, throw by LF
|
|
Batting: SHB Jose Garcia
|
0-0: Ball 1-0: Called Strike 1-1: Ball 2-1: Ball 3-1: Base on Balls
|
|
Batting: LHB Dan Martinez
|
0-0: Called Strike 0-1: Ball 1-1: Called Strike 1-2: Strikes out looking
|
| Bottom of the 6th over - 1 run, 1 hit, 0 errors, 1 left on base; Charleston 2 - Lansing 1 |
| TOP OF THE 7TH |
|
Charleston RiverDogs batting - Pitching for Lansing Lugnuts : RHP Orlando Giron
|
|
Batting: LHB Alex Genao
|
0-0: Called Strike 0-1: Foul Ball, location: 2F 0-2: Fly out, F6 (Popup, 56D, EV 48.8 MPH)
|
|
Batting: RHB Carlos Guadarrama
|
0-0: Ball 1-0: Ball 2-0: Swinging Strike 2-1: Ball 3-1: Foul Ball, location: 2F 3-2: Strikes out swinging
|
|
Batting: RHB Miguel Leal
|
0-0: Foul Ball, location: 2F 0-1: Ball 1-1: Foul Ball, location: 2F 1-2: Ball 2-2: DOUBLE (Line Drive, 7LS, EV 99.4 MPH)
|
|
Pitching: RHP Andres Lozano
|
|
|
Batting: SHB Blake Abbott
|
0-0: Ball 1-0: Ball 2-0: Foul Ball, location: 2F 2-1: Ball 3-1: Base on Balls
|
|
Batting: RHB James Boynton
|
0-0: Swinging Strike 0-1: Foul Ball, location: 2F 0-2: Ball 1-2: Strikes out looking
|
| Top of the 7th over - 0 runs, 1 hit, 0 errors, 2 left on base; Charleston 2 - Lansing 1 |
| BOTTOM OF THE 7TH |
|
Lansing Lugnuts batting - Pitching for Charleston RiverDogs : LHP Dan Clausing
|
|
Pitching: RHP Bruce Cruz
|
|
|
Batting: RHB Luis Reyes
|
0-0: Ball 1-0: Ground out 6-3 (Groundball, 6, EV 76.9 MPH)
|
|
Batting: RHB B.J. Worthy
|
0-0: Called Strike 0-1: Ball 1-1: Fly out, F9 (Flyball, 9, EV 91.9 MPH)
|
|
Batting: RHB Darren McCarty Jr.
|
0-0: Ball 1-0: Ball 2-0: Called Strike 2-1: Called Strike 2-2: SINGLE (Groundball, 6MD, EV 95.6 MPH)
|
|
Batting: RHB Nick Wicker
|
0-0: Called Strike 0-1: Swinging Strike 0-2: Strikes out swinging
|
| Bottom of the 7th over - 0 runs, 1 hit, 0 errors, 1 left on base; Charleston 2 - Lansing 1 |
| TOP OF THE 8TH |
|
Charleston RiverDogs batting - Pitching for Lansing Lugnuts : RHP Andres Lozano
|
|
Pitching: LHP Trevor Kelley
|
|
|
Batting: RHB Tim Nordahl
|
0-0: Foul Ball, location: 2F 0-1: Ground out 2-3 (Groundball, 2R, EV 71.9 MPH)
|
|
Batting: SHB Mike Goad
|
0-0: Ball 1-0: Foul Ball, location: 2F 1-1: Foul Ball, location: 2F 1-2: Ball 2-2: Ball 3-2: Base on Balls
|
|
Batting: RHB Herb Craig
|
0-0: Called Strike Mike Goad steals 2nd base (no throw) 0-1: Ground out 4-3 (Groundball, 34, EV 79.4 MPH) Mike Goad to third
|
|
Batting: RHB Jose Garza
|
0-0: Called Strike 0-1: Swinging Strike 0-2: Strikes out swinging
|
| Top of the 8th over - 0 runs, 0 hits, 0 errors, 1 left on base; Charleston 2 - Lansing 1 |
| BOTTOM OF THE 8TH |
|
Lansing Lugnuts batting - Pitching for Charleston RiverDogs : RHP Bruce Cruz
|
|
Batting: SHB Joel Baker
|
0-0: Ball 1-0: Called Strike 1-1: SINGLE (Groundball, 6MS, EV 64.4 MPH) (infield hit)
|
|
Batting: RHB Finn Ross
|
0-0: Bunted foul 0-1: Sac Bunt to 2R - play at first, batter OUT! 2-4 Joel Baker to second
|
|
Batting: LHB David Ramirez
|
0-0: Called Strike 0-1: Swinging Strike 0-2: Foul Ball, location: 2F 0-2: SINGLE (Groundball, 56, EV 98.1 MPH) (infield hit) Joel Baker to third
|
|
Batting: SHB Jose Garcia
|
0-0: Called Strike 0-1: Ball 1-1: Swinging Strike 1-2: Ball 2-2: Ball 3-2: Foul Ball, location: 2F 3-2: Foul Ball, location: 2F 3-2: Foul Ball, location: 2F 3-2: Foul Ball, location: 2F 3-2: DOUBLE (Flyball, 5D, EV 96.9 MPH) Joel Baker scores David Ramirez to third
|
|
Batting: LHB Dan Martinez
|
0-0: Intentional Walk
|
|
Batting: RHB Luis Reyes
|
0-0: Ball 1-0: Foul Ball, location: 2F 1-1: Ball 2-1: Ball 3-1: Called Strike 3-2: Base on Balls David Ramirez scores Jose Garcia to third Dan Martinez to second
|
|
Pitching: RHP William Beran
|
|
|
Batting: RHB B.J. Worthy
|
0-0: Ball 1-0: Swinging Strike 1-1: Ball 2-1: Ball 3-1: Called Strike 3-2: DOUBLE (Flyball, 3D, EV 91.9 MPH) Jose Garcia scores Dan Martinez scores Luis Reyes to third
|
|
Batting: RHB Darren McCarty Jr.
|
0-0: Fly out, F9 (Flyball, 9, EV 88.1 MPH)
|
|
Batting: RHB Nick Wicker
|
0-0: Hit by Pitch
|
|
Batting: SHB Joel Baker
|
0-0: Swinging Strike 0-1: Ground out 6-3 (Groundball, 4MS, EV 86.2 MPH)
|
| Bottom of the 8th over - 4 runs, 4 hits, 0 errors, 3 left on base; Charleston 2 - Lansing 5 |
| TOP OF THE 9TH |
|
Charleston RiverDogs batting - Pitching for Lansing Lugnuts : LHP Trevor Kelley
|
|
Pitching: RHP Mel Schultz
|
|
|
Batting: LHB Alex Genao
|
0-0: Foul Ball, location: 2F 0-1: Foul Ball, location: 2F 0-2: Strikes out swinging, 2-3 out at first.
|
|
Pinch Hitting: LHB Eddie Ramirez
|
0-0: Swinging Strike 0-1: Foul Ball, location: 2F 0-2: Ball 1-2: Ball 2-2: Ground out 4-3 (Groundball, 4, EV 93.8 MPH)
|
|
Batting: RHB Miguel Leal
|
0-0: Ball 1-0: Ground out U3 (Groundball, 3, EV 88.8 MPH)
|
| Top of the 9th over - 0 runs, 0 hits, 0 errors, 0 left on base; Charleston 2 - Lansing 5 |
|